 Dungeon Crawl Stone Soup version 0.29.0-4-gdea44cf6ec (webtiles) character file.

Game seed: 10672342182975368212

45 qw the Chopper (level 3, -4/21 HPs)
             Began as a Tengu Warper on Aug 28, 2022.
             Killed from afar by Sigmund (7 damage)
             ... with a magic dart
             ... on level 2 of the Dungeon.
             The game lasted 00:00:05 (1524 turns).

qw the Chopper (Tengu Warper)                       Turns: 1524, Time: 00:00:06

Health: -4/21      AC:  6    Str: 19    XL:     3   Next: 64%
Magic:  7/7        EV: 10    Int: 13    God:
Gold:   85         SH:  0    Dex: 13    Spells: 6/6 levels left

rFire   . . .      SeeInvis .   Y - +0 hand axe
rCold   . . .      Faith    .   (no shield)
rNeg    . . .      Spirit   .   f - +0 scale mail
rPois   .          Reflect  .   (helmet restricted)
rElec   .          Harm     .   (no cloak)
rCorr   .          Rampage  .   (no gloves)
Will    .....                   (boots unavailable)
Stlth   ..........              (no amulet)
HPRegen 0.07/turn               h - +6 ring of strength
MPRegen 0.10/turn               (no ring)

@: no status effects
A: beak, talons 3
a: no special abilities


You were on level 2 of the Dungeon.
You visited 1 branch of the dungeon, and saw 2 of its levels.

You collected 85 gold pieces.


Innate Abilities, Weirdness & Mutations

You have a beak for a mouth.
You have claws for feet.


   Skills:
 - Level 2.0 Fighting
 + Level 4.3 Axes
 - Level 1.0 Throwing
 - Level 1.1 Armour
 - Level 2.1 Dodging
 - Level 2.0 Spellcasting
 - Level 2.4 Translocations


You had 6 spell levels left.
You didn't know any spells.
Your spell library contained the following spells:

 Spells                   Type           Power      Damage    Failure   Level
 Blink                    Tloc           14%        N/A       41%         2
 Gell's Gravitas          Tloc           7%         N/A       65%         3
 Lesser Beckoning         Tloc           7%         N/A       65%         3
 Teleport Other           Tloc           7%         N/A       65%         3
 Manifold Assault         Tloc           7%         N/A       100%        5

Inventory:

Hand Weapons
 g - a +0 mace
 Y - a +0 hand axe (weapon)
Armour
 f - a +0 scale mail (worn)
Jewellery
 c - a ring of protection from fire
 h - a +6 ring of strength (left hand)
Scrolls
 b - a scroll of enchant weapon {unknown}
Potions
 a - 2 potions of degeneration {unknown}

Dungeon Overview and Level Annotations

Branches:
Dungeon (2/15)

Altars:

Annotations:
D:2 Sigmund


Message History

The hobgoblin hits you but does no damage.
You hit the hobgoblin.
You kill the hobgoblin!
You see here a hobgoblin corpse.
You now have 85 gold pieces (gained 18).
c - a ring of protection from fire
Enter note: A goblin comes into view. It is wielding a +0 dagger.
The goblin shouts!
You hit the goblin.
You kill the goblin!
Sigmund the Dreaded comes into view.
He is wielding a +0 scythe and wearing a +2 robe of positive energy.
Sigmund shouts!
Sigmund hits you with a +0 scythe!
You hit Sigmund. You claw Sigmund.
Sigmund is lightly wounded.
You hit Sigmund.
Sigmund is moderately wounded.
Sigmund barely misses you.
You closely miss Sigmund.
Sigmund is moderately wounded.
Sigmund hits you but does no damage.
You hit Sigmund.
Sigmund is moderately wounded.
You hit Sigmund. Your kick misses Sigmund. You peck Sigmund.
Sigmund is heavily wounded.
Sigmund hits you with a +0 scythe.
You hit Sigmund.
Sigmund is heavily wounded.
Sigmund barely misses you.
You hit Sigmund.
Sigmund is severely wounded.
Sigmund hits you with a +0 scythe.
You hit Sigmund but do no damage.
Sigmund is severely wounded.
You hit Sigmund but do no damage. You claw Sigmund.
Sigmund is almost dead.
Sigmund points at you and mumbles some strange words.
The magic dart hits you!
You die...

#.# # #.# #
####.#############.#
#...............@@.#
#.##.#.####)####........
#.##.#.# #.# #########
#.##.#.# #.# .......#
#.# .....### #.#
....)### #.# ...).).#
#.# .......####.#


You could see Sigmund.

Vanquished Creatures
  Jessica (D:2)
  A worm (D:2)
  2 ball pythons (D:1)
  2 goblins (D:2)
  2 hobgoblins (D:2)
  A quokka (D:1)
  A bat (D:1)
  2 frilled lizards (D:1)
  3 kobolds
  2 rats (D:1)
17 creatures vanquished.

Notes
Turn   | Place    | Note
-------+----------+-------------------------------------------
     0 | D:1      | qw the Tengu Warper began the quest for the Orb.
     0 | D:1      | Reached XP level 1. HP: 12/12 MP: 4/4
     0 | D:1      | 0 ||| qw: Version: 0.1-a-89-g26bdef1
     0 | D:1      | 0 ||| qw: Game counter: 1882
     0 | D:1      | 0 ||| qw: Always use a shield: true
     0 | D:1      | 0 ||| qw: God list: Okawaru
     0 | D:1      | 0 ||| qw: Allow faded altars: false
     0 | D:1      | 0 ||| qw: Do Orc after D:15 true
     0 | D:1      | 0 ||| qw: Do second Lair branch before Depths: true
     0 | D:1      | 0 ||| qw: Lair rune preference: random
     0 | D:1      | 0 ||| qw: Plans: Normal
     0 | D:1      | 0 ||| PLANNING D:1-11
   376 | D:1      | Reached XP level 2. HP: 17/17 MP: 6/6
   432 | D:1      | 432 ||| Stepping ~*~*~tactically~*~*~ (hiding).
   542 | D:1      | Reached skill level 3 in Axes
   552 | D:1      | 552 ||| Stepping ~*~*~tactically~*~*~ (hiding).
   955 | D:1      | 955 ||| UPGRADING to +0 scale mail.
   965 | D:1      | 965 ||| DROPPING +0 leather armour.
   966 | D:1      | 966 ||| UPGRADING to +6 ring of strength.
   967 | D:1      | 967 ||| READING scroll labelled GIASADE POIGY.
   968 | D:1      | 968 ||| READING scroll labelled NOSMEG IGUI.
   969 | D:1      | 969 ||| DROPPING scroll of blinking.
  1019 | D:2      | 1019 ||| STAIRDANCE
  1216 | D:2      | Noticed Jessica
  1225 | D:2      | Killed Jessica
  1226 | D:2      | Reached skill level 4 in Axes
  1226 | D:2      | Reached XP level 3. HP: 20/21 MP: 7/7
  1512 | D:2      | Noticed Sigmund
  1522 | D:2      | HP: 3/21 [Sigmund/+0 scythe (4)]
  1524 | D:2      | Killed from afar by Sigmund

Levels and vault maps discovered:
D:1:      sevenhm_arrival_forest_fort_small_3, layout_loops_ring
D:2:      layout_loops_ring, serial_shops, nicolae_diamond_shop,
          minmay_strange_pillars, uniq_sigmund, uniq_jessica

Skill      XL: |  1  2 |
---------------+-------+-----
Axes           | 4 |  4.3
Fighting       | |  2.0
Throwing       | |  1.0
Armour         | |  1.1
Dodging        | |  2.1
Spellcasting   | |  2.0
Translocations | |  2.4

Action                   || total
-------------------------++-------
Melee: Hand axe          ||    46
       Kick              ||     5
       Peck              ||     5
       Punch             ||     1
Throw: Boomerang         ||     7
  Use: Scroll            ||     2
Armor: Leather armour    ||     4
       Scale mail        ||     9
Dodge: Dodged            ||    14

Table legend:
 A = Non-vault XP
 B = Vault XP
 C = Vault XP percentage of total XP
 D = Non-vault monster count
 E = Vault monster count
 F = Vault count percentage of total count
                 A         B        C        D         E       F
            +---------+---------+-------+---------+---------+-------
      Total |      28 |      37 |  56.9 |      16 |       1 |   5.9
            +---------+---------+-------+---------+---------+-------
        D:1 |      13 |       0 |   0.0 |      10 |       0 |   0.0
        D:2 |      15 |      37 |  71.2 |       6 |       1 |  14.3
            +---------+---------+-------+---------+---------+-------
